 Dungeon Crawl Stone Soup version 0.31-a0-889-g1a8549509d (webtiles) character file.

Game seed: 556313983928120853

11 Kuronicle the Changeling (level 2, 0/23 HPs)
             Began as a Demigod Shapeshifter on Oct 16, 2023.
             Succumbed to a kobold's poison
             ... on level 1 of the Dungeon.
             The game lasted 00:00:33 (118 turns).

Kuronicle the Changeling (Demigod Shapeshifter)      Turns: 118, Time: 00:00:34

Health: 0/23       AC:  2    Str: 15    XL:     2   Next: 6%
Magic:  4/4        EV: 12    Int: 12    God:
Gold:   8          SH:  0    Dex: 13    Spells: 1/1 levels left

rFire   . .          .
                       - Unarmed
rCold   . . .        (no shield)
rNeg    . . .        a - +0 animal skin
rPois   .            (helmet currently unavailable)
rElec   .            (cloak currently unavailable)
rCorr   .            (gloves currently unavailable)
SInv    .            (boots currently unavailable)
Will    .....        (no amulet)
Stlth   +            (no ring)
HPRegen 0.23/turn    (no ring)
MPRegen 0.09/turn

%: no passive effects
@: lethally poisoned (0 -> -1), beast-form
A: beast (slay +1), high MP 1, forlorn, divine attributes
a: Begin Untransformation


You were on level 1 of the Dungeon.
You were a hulking beast.
You visited 1 branch of the dungeon, and saw 1 of its levels.

You collected 8 gold pieces.

Inventory:

Armour
 a - a +0 animal skin (worn)
Talismans
 c - a beast talisman (active)
 d - a flux talisman
Potions
 b - a potion of lignification


   Skills:
 * Level 1.0 Fighting
 * Level 1.8 Dodging
 + Level 2.8 Unarmed Combat
 * Level 3.0 Shapeshifting


You had one spell level left.
You didn't know any spells.
Your spell library was empty.

Dungeon Overview and Level Annotations

Branches:
Dungeon (1/15)


Innate Abilities, Weirdness & Mutations

You are a hulking beast.
Your limbs bulge with bestial killing power. (Slay +1)
You have an increased reservoir of magic. (+10% MP)
You shall have no god before yourself.
Your divine heritage dramatically boosts your attributes as you level up.


Message History

You hit the endoplasm. Your punch misses the endoplasm.
The endoplasm is severely wounded.
The endoplasm freezes you.
You are frozen.
You hit the endoplasm.
You kill the endoplasm!
You have reached level 2!
You start resting.
A kobold is nearby!
Items here: ) †††.
The kobold shouts!
The kobold hits you with a +1 whip of venom.
You barely miss the kobold. The kobold closely misses you.
You closely miss the kobold. The kobold closely misses you.
You hit the kobold but do no damage. The kobold barely misses you.
You closely miss the kobold.
The kobold hits you with a +1 whip of venom.
You are lethally poisoned!
You hit the kobold.
You kill the kobold!
You feel very sick.
You feel sick.
Things that are here:
a +1 whip of venom; a kobold corpse
* * * LOW HITPOINT WARNING * * *
You feel sick.
* * * LOW HITPOINT WARNING * * *
You feel sick.
* * * LOW HITPOINT WARNING * * *
You feel sick.
* * * LOW HITPOINT WARNING * * *
You feel sick.
Items here: ) †††.
* * * LOW HITPOINT WARNING * * *
You feel sick.
There is a lethal amount of poison in your body!
* * * LOW HITPOINT WARNING * * *
You feel sick.
Found a stone staircase leading down.
You die...

#.#.#.#......#
#...#.........#
#.)......######
#.######## #.#
#)# #.# #.# #h#
#......#
.>.......#
#.#...#..#
...##...# #.##
..## . ..# ....


There were no monsters in sight!

Vanquished Creatures
  An endoplasm (D:1)
  A goblin (D:1)
  4 jackals (D:1)
  A quokka (D:1)
  A frilled lizard (D:1)
  2 kobolds (D:1)
10 creatures vanquished.

Notes
Turn   | Place    | Note
-------+----------+-------------------------------------------
     0 | D:1      | Kuronicle the Demigod Shapeshifter began the quest for the
                  | Orb.
     0 | D:1      | Reached XP level 1. HP: 15/15 MP: 3/3
    50 | D:1      | Reached skill level 1 in Fighting
    58 | D:1      | Reached skill level 3 in Shapeshifting
    62 | D:1      | Reached XP level 2. HP: 7/23 MP: 4/4
   117 | D:1      | HP: 1/23 [poisoned by a kobold]
   118 | D:1      | Succumbed to a kobold's poison

Illustrated notes

Levels and vault maps discovered:
D:1:      dpeg_arrival_more_subterranean_lakeside_camping, layout_basic,
          minmay_door_square, st_stairs_11

Skill      XL: |  1 |
---------------+----+-----
Fighting       | 1 |  1.0
Shapeshifting  | 3 |  3.0
Dodging        | |  1.8
Unarmed Combat | |  2.8

Action                     || total
---------------------------++-------
  Melee: Unarmed           ||    23
 Armour: Animal skin       ||    16
  Dodge: Dodged            ||    18

Table legend: (Time is in decaauts)
 A = Elapsed time spent in this place.
 B = Non-inter-level travel time spent in this place.
 C = Inter-level travel time spent in this place.
 D = Time resting spent in this place.
 E = Time spent auto-exploring this place.
 F = Levels seen in this place.
 G = Mean time per level.
                   A        B        C        D        E       F      G
               +--------+--------+--------+--------+--------+-----+--------+
         Total |    117 |    117 |      0 |     41 |     19 |   1 |  117.0 |
       Dungeon |    117 |    117 |      0 |     41 |     19 |   1 |  117.0 |
               +--------+--------+--------+--------+--------+-----+--------+

Top non-repeatable levels by time:
     D:1: 117 daAuts
